 Dungeon Crawl Stone Soup version 0.30.1-4-g462c640d31 (webtiles) character file.

Game seed: 14701063562787588709

3337 Heoruswealwe the Thaumaturge (level 9, -2/45 HPs)
             Began as a Deep Elf Conjurer on Aug 15, 2023.
             Was a Follower of Vehumet.
             Slain by a wight
             ... wielding a +5 halberd of freezing
              (4 damage)
             ... on level 7 of the Dungeon.
             The game lasted 01:16:46 (6722 turns).

Heoruswealwe the Thaumaturge (Deep Elf Conjurer)    Turns: 6722, Time: 01:16:49

Health: -2/45      AC:  9    Str:  4    XL:     9   Next: 72%
Magic:  27/36      EV: 12    Int: 28    God:    Vehumet [*.....]
Gold:   371        SH:  0    Dex: 13    Spells: 16/33 levels left

rFire   . . .        b - +2 scimitar (freeze)
rCold   . . .        (no shield)
rNeg    . . .        c - +0 robe
rPois   .            g - +2 helmet
rElec   .            h - +1 cloak
rCorr   .            f - +0 pair of gloves
SInv    +            e - +0 pair of boots
Will    .....        (no amulet)
Stlth   ++           j - ring of magical power
HPRegen 0.27/turn    k - ring of see invisible
MPRegen 0.25/turn

%: no passive effects
@: about to teleport, studying Poison Magic
A: no striking features
a: Renounce Religion


You were on level 7 of the Dungeon.
You worshipped Vehumet.
Vehumet was aware of your devotion.
You visited 2 branches of the dungeon, and saw 8 of its levels.
You also visited: Sewer.

You collected 399 gold pieces.
You spent 28 gold pieces at shops.

Inventory:

Hand Weapons
 b - a +2 scimitar of freezing (weapon)
 t - a +0 lajatang
Armour
 c - a +0 robe (worn)
 e - a +0 pair of boots (worn)
 f - a +0 pair of gloves (worn)
 g - a +2 helmet (worn)
 h - a +1 cloak (worn)
 y - a +0 robe
 z - a +0 robe
 B - a +0 robe
 G - a +0 robe
 H - a +0 robe
 I - a +0 robe
 J - a +0 robe
 K - a +0 robe
 L - a +0 robe
 O - a +0 robe
 P - a +0 robe
 Q - a +0 robe
 R - a +0 robe
 S - a +0 robe
Magical Staves
 o - a staff of cold
Jewellery
 j - a ring of magical power (left hand)
 k - a ring of see invisible (right hand)
 l - a ring of protection from cold
 E - a ring of positive energy
Wands
 n - a wand of charming (7)
 A - a wand of digging (10)
 N - a wand of polymorph (20)
Scrolls
 a - 5 scrolls of fog
 d - 2 scrolls of immolation
 i - 3 scrolls of amnesia
 q - 2 scrolls of fear
 u - 2 scrolls of magic mapping
 v - a scroll of enchant weapon {unknown}
 w - a scroll of poison {unknown}
 x - 2 scrolls of teleportation
 C - a scroll of vulnerability {unknown}
 M - 2 scrolls of noise {unknown}
Potions
 m - a potion of heal wounds {unknown}
 p - a potion of lignification {unknown}
 r - 2 potions of haste {unknown}
 s - a potion of attraction {unknown}
 D - 2 potions of brilliance {unknown}
 F - a potion of magic


   Skills:
 - Level 2.4 Dodging
 - Level 2.4 Stealth
 + Level 12.9 Spellcasting
 + Level 11.5 Conjurations


You had 16 spell levels left.
You knew the following spells:

 Your Spells              Type           Power      Damage    Failure   Level
a - Magic Dart            Conj           100%       1d8       1%          1
b - Searing Ray           Conj           100%       2d8       1%          2
c - Dazzling Flash        Conj/Hex       100%       N/A       1%          3
d - Hailstorm             Conj/Ice       50%        3d11      1%          3
e - Fulminant Prism       Conj/Hex       25%        3d14      2%          4
f - Iskenderun's Mystic   Conj/Tloc      50%        2d11      2%          4

Your spell library contained the following spells:

 Spells                   Type           Power      Damage    Failure   Level
 Momentum Strike          Conj/Tloc      100%       3d10      1%          2
 Freeze                   Ice            72%        1d8       3%          1
 Lesser Beckoning         Tloc           36%        N/A       4%          2
 Frozen Ramparts          Ice            36%        1d6       9%          3
 Gell's Gravitas          Tloc           18%        N/A       9%          3
 Teleport Other           Tloc           18%        N/A       9%          3


Dungeon Overview and Level Annotations

Branches:
Dungeon (7/15)             Temple (1/1) D:4           Sewer (visited)

Altars:
Ashenzari
Cheibriados
Dithmenos
Elyvilon
Fedhas
Gozag
Makhleb
Nemelex Xobeh
Okawaru
Qazlal
Ru
Sif Muna
Uskayaw
Vehumet
Wu Jian
Xom
Yredelemnul
Zin
The Shining One

Shops:
D:6 [


Message History

The centaur hits you. The centaur closely misses you.
A wight comes into view. It is wielding a +2 war axe of venom.
Casting: Iskenderun's Mystic Blast (dangerous; 2% risk of failure)
Confirm with . or Enter, or press ? or * to list all spells.
You erupt in a blast of force!
The mystic blast hits the orc!
You kill the orc!
Vehumet accepts your kill.
Vehumet offers you knowledge of Momentum Strike.
The mystic blast hits the orc warrior but does no damage.
The orc warrior is lightly wounded.
The mystic blast hits the centaur!
You kill the centaur!
Vehumet accepts your kill. The orc warrior barely misses you.
A wight comes into view. It is wielding a +1 trident.
A wight comes into view. It is wielding a +0 flail.
As you read the scroll of fear, it crumbles to dust.
You assume a fearsome visage.
The wight is unaffected. x3
The orc warrior looks frightened!
The wight misses you. The wight barely misses you.
Items here: ! ( ))) †.
Items here: ( ))) †††.
Casting: Iskenderun's Mystic Blast (dangerous; 2% risk of failure)
Confirm with . or Enter, or press ? or * to list all spells.
Aiming: Searing Ray (safe; 1% risk of failure)
Press: ? - help, Shift-Dir - straight line, f - orc warrior
Aim: an orc warrior, wielding a +0 halberd and wearing a +0 plate armour (fleeing, 83% to hit)
The searing ray hits the orc warrior.
The orc warrior is lightly wounded.
Your attack snaps the orc warrior out of its fear. (Press . to maintain the ray.)
The orc warrior completely misses you. The wight barely misses you.
As you read the scroll of teleportation, it crumbles to dust.
You feel strangely unstable.
The orc warrior hits you from afar with a +0 halberd.
* * * LOW HITPOINT WARNING * * *
The wight hits you from afar with a +5 halberd of freezing!
* * * LOW HITPOINT WARNING * * *
The wight freezes you.
You die...

.._. ⌠.⌠
..# #.#..#
#.##)#
#.##o#
#####.##)#
..z..##@#
zz.##)#
#)##z#
#...z#
#.#### #.#
#.# #.#
#.#


You could see an orc warrior and 2 wights.

Vanquished Creatures
  Pikel (D:5)
  Prince Ribbit (D:5)
  Edmund (D:5)
  3 water moccasins (D:6)
  An ice beast (D:5)
  3 black bears
  An ogre (D:6)
  A kobold brigand (D:7)
  2 lemures (D:5)
  A phantom (D:5)
  A centaur (D:7)
  A gnoll sergeant (D:7)
  3 bullfrogs
  5 scorpions
  7 wights (D:7)
  2 hounds
  Crazy Yiuf (D:3)
  2 jellies (D:6)
  An orc priest (D:4)
  3 iguanas
  A sleepcap (D:5)
  2 orc wizards
  11 gnolls
  9 adders
  A shadow imp (D:7)
  4 white imps
  An ufetubus (D:4)
  2 worms (D:2)
  10 orcs
  2 bats
  3 endoplasms
  11 giant cockroaches
  5 goblins
  8 hobgoblins
  10 jackals
  6 quokkas
  10 ball pythons
  9 frilled lizards
  9 kobolds
  4 rats
  A butterfly (D:4)
160 creatures vanquished.

Notes
Turn   | Place    | Note
-------+----------+-------------------------------------------
     0 | D:1      | Heoruswealwe the Deep Elf Conjurer began the quest for the
                  | Orb.
     0 | D:1      | Reached XP level 1. HP: 10/10 MP: 6/6
   258 | D:1      | Reached XP level 2. HP: 15/15 MP: 5/8
   261 | D:1      | Learned a level 2 spell: Searing Ray
   753 | D:2      | Found a faded altar of an unknown god.
   878 | D:2      | Reached skill level 4 in Spellcasting
   983 | D:2      | Reached skill level 5 in Conjurations
   983 | D:2      | Reached XP level 3. HP: 19/19 MP: 1/10
   987 | D:2      | Learned a level 3 spell: Dazzling Flash
   991 | D:2      | Learned a level 3 spell: Hailstorm
  1388 | D:2      | Reached XP level 4. HP: 21/24 MP: 6/12
  1520 | D:1      | You fall into a shaft and drop 1 floor!
  1762 | D:3      | Found a burning altar of Makhleb.
  1935 | D:3      | Reached skill level 5 in Spellcasting
  2040 | D:3      | Found a runed translucent door.
  2041 | D:3      | Noticed Crazy Yiuf
  2052 | D:3      | Killed Crazy Yiuf
  2235 | D:3      | Reached XP level 5. HP: 28/28 MP: 9/14
  2247 | D:3      | Learned a level 4 spell: Fulminant Prism
  2358 | D:3      | Found a white marble altar of Elyvilon.
  2358 | D:3      | Found a broken altar of Ashenzari.
  2358 | D:3      | Found a blossoming altar of Fedhas.
  2470 | D:4      | Found a glowing drain.
  2498 | Sewer    | Entered a sewer
  2839 | Sewer    | Reached skill level 6 in Spellcasting
  2865 | Sewer    | Reached XP level 6. HP: 14/32 MP: 9/17
  2877 | Sewer    | Learned a level 4 spell: Iskenderun's Mystic Blast
  2884 | Sewer    | Identified the +3 ring mail of Wiys {Will++ SInv Stlth-}
  3141 | D:4      | Reached skill level 7 in Spellcasting
  3242 | D:4      | Found a staircase to the Ecumenical Temple.
  3272 | Temple   | Entered the Ecumenical Temple
  3347 | Temple   | Became a worshipper of Vehumet
  3610 | D:4      | Reached XP level 7. HP: 36/36 MP: 6/19
  4061 | D:5      | Entered Level 5 of the Dungeon
  4088 | D:5      | Noticed Prince Ribbit
  4105 | D:5      | Killed Prince Ribbit
  4106 | D:5      | Reached skill level 8 in Spellcasting
  4166 | D:5      | Noticed Pikel
  4172 | D:5      | Noticed Edmund
  4196 | D:5      | Killed Pikel
  4197 | D:5      | Reached skill level 9 in Spellcasting
  4197 | D:5      | Reached XP level 8. HP: 25/41 MP: 5/23
  4229 | D:5      | Found an ornate altar of the Wu Jian Council.
  4480 | D:5      | Reached * piety under Vehumet
  4480 | D:5      | Offered knowledge of Sandblast by Vehumet.
  4838 | D:5      | Killed Edmund
  4839 | D:5      | Reached skill level 10 in Spellcasting
  5358 | D:5      | Found a glowing golden altar of the Shining One.
  5614 | D:6      | Reached skill level 11 in Spellcasting
  5614 | D:6      | Reached skill level 10 in Conjurations
  5697 | D:6      | Reached XP level 9. HP: 45/45 MP: 26/26
  5948 | D:6      | Found a stormy altar of Qazlal.
  6133 | D:6      | Reached skill level 12 in Spellcasting
  6189 | D:6      | Found Holypogh's Armour Emporium.
  6201 | D:6      | Bought a +0 robe for 7 gold pieces
  6201 | D:6      | Bought a +0 robe for 7 gold pieces
  6201 | D:6      | Bought a +0 robe for 7 gold pieces
  6201 | D:6      | Bought a +0 robe for 7 gold pieces
  6692 | D:7      | Found a sparkling altar of Nemelex Xobeh.
  6715 | D:7      | Offered knowledge of Momentum Strike by Vehumet.
  6722 | D:7      | HP: 2/45 [wight/+5 halberd of freezing (11)]
  6722 | D:7      | Slain by a wight

Illustrated notes

Levels and vault maps discovered:
D:1:      heliophobic_arrival_battle_scene, layout_rooms, minmay_tetromino_s2
D:2:      layout_basic, hellmonk_ecumenical_altar_dog_temple,
          minmay_diced_spiral
D:3:      layout_basic, mainiacjoe_overflow_24_doors,
          chequers_temple_overflow_statue_of_worship, minmay_misc_feat_columns,
          uniq_crazy_yiuf_cottage
D:4:      layout_loops_ring, minmay_temple_entry_butterflies,
          gup_sewer_entry_glass
D:5:      layout_gridville, lemuel_crystal_altar, mainiacjoe_overflow_alcove_1,
          minmay_between, uniq_prince_ribbit1, uniq_edmund, uniq_pikel
D:6:      layout_rooms, nicolae_qazlal_scattered_showers, serial_shops,
          nicolae_diamond_shop
D:7:      layout_loops_ring, nemelex_xobeh_ov_fountains_minmay
Temple:   jpeg_temple_clearing

Skill      XL: |  1  2  3  4  5  6  7  8  9 |
---------------+----------------------------+-----
Spellcasting   | 4 5 6 7 9 11 12 | 12.9
Conjurations   | 5 6 7 8 10 11 | 11.5
Dodging        | |  2.4
Stealth        | |  2.4

Action                     |  1- 3 |  4- 6 |  7- 9 || total
---------------------------+-------+-------+-------++-------
  Melee: Unarmed           |       |     3 |       ||     3
   Cast: Magic Dart        |    86 |   102 |    64 ||   252
         Searing Ray       |     2 |    11 |    29 ||    42
         Hailstorm         |       |       |     6 ||     6
         Iskenderun's Myst |       |       |    31 ||    31
    Use: Potion            |       |       |     4 ||     4
         Scroll            |       |       |    13 ||    13
 Armour: Robe              |    18 |    12 |    22 ||    52
  Dodge: Dodged            |    70 |    45 |    67 ||   182
